[ AOE2 MATCH · #482632002 ]
1v1 EWGoths vs Lithuanians
Player's team · WIN
[ REPLAY ANALYSIS · EXTRACTED FROM THE RECORDED GAME ]
Feudal
—
Castle
13:45
Imperial
—
| APM avg | 42.6 |
| APM peak | 72 |
| eAPM avg | 24.0 |
| Villagers / military | 85 / 58 |
Focus
⚔️ 34.2% · 🌾 65.8%
Militia ×58
Feudal
—
Castle
10:46
Imperial
—
| APM avg | 26.9 |
| APM peak | 54 |
| eAPM avg | 16.0 |
| Villagers / military | 45 / 11 |
Focus
⚔️ 19.5% · 🌾 80.5%
Knight ×5 · Spearman ×4 · Monk ×2
Match map
Initial resources + every placement click. Lines = walls · curves = elevation contours. ◆ gold · ⬟ stone · ● berries · ✦ relic · ◌ wall gap
Your base· Open — unwalled flank
simpel_lenghi's base· Open — unwalled flank
Smoothed initial terrain · ◌ = detected wall gap · hover for details
Inputs per minute
— Eleich - - simpel_lenghi
Build order — Eleich
First 150 of 219 actions detected
| 0:22 | Build | Barracks |
| 0:25 | Create | Militia |
| 0:25 | Create | Militia |
| 0:25 | Create | Militia |
| 0:29 | Create | Villager (Male) |
| 0:40 | Create | Villager (Male) |
| 0:40 | Create | Villager (Male) |
| 0:41 | Create | Villager (Male) |
| 1:06 | Research | Man-at-Arms (upgrade) |
| 1:17 | Create | Villager (Male) |
| 1:25 | Create | Militia |
| 1:26 | Create | Militia |
| 1:31 | Build | House |
| 1:36 | Build | House |
| 1:49 | Create | Villager (Male) |
| 2:01 | Create | Villager (Male) |
| 2:24 | Create | Villager (Male) |
| 2:24 | Create | Villager (Male) |
| 2:54 | Create | Villager (Male) |
| 2:54 | Create | Villager (Male) |
| 2:54 | Create | Villager (Male) |
| 3:11 | Build | Farm |
| 3:11 | Build | Farm |
| 3:12 | Build | Farm |
| 3:12 | Build | Farm |
| 3:12 | Build | Farm |
| 3:12 | Build | Farm |
| 3:13 | Build | Farm |
| 3:13 | Build | Farm |
| 3:13 | Build | Farm |
| 3:19 | Create | Militia |
| 3:57 | Create | Militia |
| 4:07 | Create | Villager (Male) |
| 4:09 | Build | Farm |
| 4:18 | Build | Farm |
| 4:18 | Build | Farm |
| 4:18 | Build | Farm |
| 4:19 | Build | Farm |
| 4:19 | Build | Farm |
| 4:19 | Build | Farm |
| 4:19 | Build | Farm |
| 4:22 | Create | Villager (Male) |
| 4:30 | Create | Militia |
| 4:30 | Create | Militia |
| 4:48 | Create | Militia |
| 5:08 | Create | Villager (Male) |
| 5:09 | Create | Villager (Male) |
| 5:21 | Create | Villager (Male) |
| 5:21 | Create | Villager (Male) |
| 5:25 | Build | House |
| 5:26 | Build | House |
| 5:30 | Create | Militia |
| 5:38 | Create | Villager (Male) |
| 5:39 | Create | Villager (Male) |
| 5:53 | Create | Villager (Male) |
| 5:54 | Create | Villager (Male) |
| 6:07 | Research | Scale Mail Armor |
| 6:08 | Research | Forging |
| 6:25 | Create | Villager (Male) |
| 6:25 | Create | Villager (Male) |
| 6:33 | Research | Double-Bit Axe |
| 6:45 | Create | Militia |
| 6:46 | Create | Militia |
| 6:46 | Create | Militia |
| 6:46 | Create | Militia |
| 7:11 | Create | Militia |
| 7:11 | Create | Militia |
| 7:11 | Create | Militia |
| 7:11 | Create | Militia |
| 7:12 | Create | Militia |
| 7:12 | Create | Militia |
| 7:12 | Create | Militia |
| 7:32 | Create | Villager (Male) |
| 7:32 | Create | Villager (Male) |
| 7:44 | Create | Villager (Male) |
| 7:49 | Build | Mill |
| 8:01 | Build | House |
| 8:03 | Build | House |
| 8:08 | Create | Villager (Male) |
| 8:12 | Build | Farm |
| 8:12 | Build | Farm |
| 8:12 | Build | Farm |
| 8:12 | Build | Farm |
| 8:13 | Build | Farm |
| 8:13 | Build | Farm |
| 8:13 | Build | Farm |
| 8:13 | Build | Farm |
| 8:46 | Create | Villager (Male) |
| 8:47 | Create | Villager (Male) |
| 9:00 | Create | Villager (Male) |
| 9:11 | Build | Market |
| 9:41 | Create | Villager (Male) |
| 9:42 | Create | Villager (Male) |
| 9:43 | Create | Militia |
| 9:43 | Create | Militia |
| 9:44 | Create | Militia |
| 9:44 | Create | Militia |
| 9:44 | Create | Militia |
| 9:44 | Create | Militia |
| 9:45 | Create | Militia |
| 9:49 | Research | Horse Collar |
| 10:08 | Create | Villager (Male) |
| 10:09 | Create | Villager (Male) |
| 10:09 | Create | Villager (Male) |
| 10:09 | Create | Villager (Male) |
| 10:41 | Create | Villager (Male) |
| 10:45 | Build | House |
| 10:46 | Build | House |
| 11:00 | Create | Villager (Male) |
| 11:05 | Research | Castle Age |
| 11:07 | Research | Town Watch |
| 11:07 | Research | Wheelbarrow |
| 11:12 | Create | Militia |
| 11:13 | Create | Militia |
| 11:13 | Create | Militia |
| 11:16 | Create | Militia |
| 11:16 | Create | Militia |
| 11:45 | Create | Villager (Male) |
| 11:45 | Create | Villager (Male) |
| 11:46 | Create | Villager (Male) |
| 12:25 | Create | Villager (Male) |
| 12:26 | Create | Villager (Male) |
| 12:26 | Create | Villager (Male) |
| 12:27 | Create | Militia |
| 12:27 | Create | Militia |
| 12:28 | Create | Militia |
| 12:28 | Create | Militia |
| 12:28 | Create | Militia |
| 12:29 | Create | Militia |
| 12:29 | Create | Militia |
| 12:38 | Build | Farm |
| 12:38 | Build | Farm |
| 12:38 | Build | Farm |
| 12:38 | Build | Farm |
| 12:39 | Build | Farm |
| 12:47 | Build | Mill |
| 12:51 | Create | Villager (Male) |
| 12:51 | Create | Villager (Male) |
| 12:59 | Create | Villager (Male) |
| 12:59 | Create | Villager (Male) |
| 13:33 | Create | Villager (Male) |
| 13:33 | Create | Villager (Male) |
| 13:37 | Build | Mining Camp |
| 13:44 | Build | Farm |
| 13:45 | Build | Farm |
| 13:45 | Build | Farm |
| 13:45 | Age | Castle Age |
| 13:45 | Build | Farm |
| 13:45 | Build | Farm |
| 13:55 | Research | Chain Mail Armor |
Build order — simpel_lenghi
95 actions detected in the replay
| 0:03 | Create | Villager (Male) |
| 0:14 | Research | Double-Bit Axe |
| 0:16 | Research | Horse Collar |
| 0:41 | Build | Mill |
| 0:46 | Create | Villager (Male) |
| 1:15 | Create | Villager (Male) |
| 1:16 | Create | Villager (Male) |
| 1:21 | Build | Farm |
| 1:51 | Research | Wheelbarrow |
| 1:54 | Create | Villager (Male) |
| 1:57 | Create | Villager (Male) |
| 2:11 | Build | Farm |
| 2:29 | Create | Spearman |
| 2:29 | Create | Spearman |
| 2:57 | Build | House |
| 3:04 | Research | Fletching |
| 3:42 | Create | Spearman |
| 3:48 | Create | Villager (Male) |
| 4:04 | Build | Farm |
| 4:10 | Build | Farm |
| 4:12 | Build | Farm |
| 4:15 | Research | Wheelbarrow |
| 4:21 | Build | Farm |
| 4:22 | Build | Farm |
| 4:24 | Build | Farm |
| 4:26 | Build | Farm |
| 4:37 | Create | Villager (Male) |
| 4:42 | Create | Spearman |
| 5:25 | Build | Farm |
| 5:26 | Build | Farm |
| 5:29 | Build | Farm |
| 5:30 | Build | Farm |
| 5:31 | Build | Farm |
| 6:07 | Create | Villager (Male) |
| 6:16 | Build | Farm |
| 6:18 | Build | Farm |
| 6:20 | Build | Farm |
| 6:27 | Build | House |
| 6:39 | Build | Farm |
| 6:45 | Build | House |
| 6:47 | Build | House |
| 7:25 | Build | Market |
| 7:28 | Build | Palisade Wall |
| 7:41 | Create | Villager (Male) |
| 7:58 | Research | Castle Age |
| 8:48 | Build | Mining Camp |
| 9:46 | Create | Villager (Male) |
| 9:47 | Create | Villager (Male) |
| 10:46 | Age | Castle Age |
| 10:53 | Create | Villager (Male) |
| 10:54 | Create | Villager (Male) |
| 12:04 | Create | Villager (Male) |
| 12:04 | Create | Villager (Male) |
| 12:16 | Build | Farm |
| 12:29 | Build | Town Center |
| 12:44 | Create | Villager (Male) |
| 12:44 | Create | Villager (Male) |
| 13:16 | Create | Villager (Male) |
| 13:17 | Create | Villager (Male) |
| 13:18 | Create | Villager (Male) |
| 14:08 | Create | Villager (Male) ×5 |
| 14:35 | Build | Farm |
| 14:35 | Build | Farm |
| 15:12 | Build | Monastery |
| 15:19 | Create | Villager (Male) ×5 |
| 15:45 | Create | Monk |
| 15:58 | Build | Stable |
| 16:42 | Create | Villager (Male) |
| 16:42 | Create | Villager (Male) |
| 16:44 | Create | Villager (Male) ×5 |
| 16:51 | Create | Knight |
| 17:03 | Build | Outpost |
| 17:11 | Build | Farm |
| 17:12 | Build | Farm |
| 17:12 | Build | Farm |
| 17:14 | Build | Farm |
| 17:20 | Create | Knight |
| 17:37 | Build | Outpost |
| 18:41 | Create | Knight |
| 18:43 | Create | Villager (Male) |
| 19:11 | Create | Villager (Male) |
| 19:14 | Build | House |
| 19:17 | Build | House |
| 19:18 | Build | House |
| 19:36 | Build | Farm |
| 19:36 | Build | Farm |
| 19:36 | Build | Farm |
| 19:36 | Build | Farm |
| 19:36 | Build | Farm |
| 19:38 | Create | Villager (Male) ×5 |
| 19:45 | Create | Knight |
| 19:45 | Create | Knight |
| 20:10 | Build | Outpost |
| 20:51 | Build | Town Center |
| 21:07 | Create | Monk |
Match timeline
| 0:22 | Eleich · first_building Barracks |
| 7:28 | simpel_lenghi · wall_segment Palisade Wall x1 |
| 10:46 | simpel_lenghi · age_up castle |
| 13:45 | Eleich · age_up castle |
| 15:12 | simpel_lenghi · first_building Monastery |
| 15:58 | simpel_lenghi · first_building Stable |
| 17:41 | Eleich · first_market_buy 100 wood |
| 18:27 | Eleich · first_market_sell 100 food |
| 18:37 | Eleich · first_building Monastery |
| 21:43 | simpel_lenghi · resign |
[ AI ANALYSIS · 1 CREDIT ]
What really happened in this match?
Wolo.gg analyzes every decision: build order, eco, micro, common mistakes by bracket. Personalized analysis on WhatsApp or Discord in 30 seconds.
Civ guide
Goths
Map guide
Thames
Perfil
Jugador #2436461